Map: Mech Depot LE

Players

Juxtapose

  • Race: Protoss Protoss
  • League: Gold
  • Spawn Location: 7:00

Kirito - Winner!

  • Race: Protoss Protoss
  • League: Gold
  • Spawn Location: 1:00

VOD

https://youtu.be/b-HCl4SjWMA

Description

I decided to go back to Ranked today, as I want to advance into Gold Tier 2 over the next few weeks.

This was a fun match, and while expanding to this very spot on Mech Depot has done well for me in the past, it didn't work so well this time, even with Mass Recall. My opponent also (blindly it seems) made a bunch of Phoenixs, upgraded ones at that, which were an excellent counter to my Void Rays.

Regardless, a fun match!

Time

  • Played on: Aug. 21, 2017, 7:08 p.m.
  • Length: 12:50
Show
View Real Time Build Order
Export as new Build Order

Juxtapose Protoss 

Build Orders:  

Get SALT Encoding   

  12  0:01  Probe (Chrono Boost)  
  13  0:12  Probe (Chrono Boost)  
  14  0:22  Probe (Chrono Boost)  
  14  0:28  Pylon  
  15  0:46  Probe (Chrono Boost)  
  15  0:47  Gateway  
  16  0:57  Probe (Chrono Boost)  
  17  1:05  Assimilator  
  17  1:07  Probe (Chrono Boost)  
  17  1:08  Pylon  
  18  1:18  Probe (Chrono Boost)  
  19  1:27  Assimilator  
  19  1:28  Probe (Chrono Boost)  
  20  1:35  Zealot  
  20  1:39  Probe (Chrono Boost)  
  23  1:50  Cybernetics Core  
  23  1:51  Probe (Chrono Boost)  
  24  1:56  Pylon  
  24  2:02  Probe (Chrono Boost)  
  25  2:13  Zealot  
  27  2:16  Probe (Chrono Boost)  
  28  2:23  Pylon  
  28  2:54  Warp Gate (Chrono Boost)  
  27  2:59  Stargate  
  27  3:01  Mothership Core (Chrono Boost)  
  29  3:10  Gateway  
  29  3:11  Gateway  
  29  3:15  Pylon  
  29  3:45  Void Ray (Chrono Boost)  
  33  3:56  Nexus  
  33  3:58  Pylon  
  33  4:01  Pylon  
  33  4:16  Pylon  
  33  4:25  Void Ray  
  37  4:51  Twilight Council  
  37  4:53  Forge  
  37  4:59  Stalker x2  
  41  5:20  Void Ray (Chrono Boost)  
  41  5:21  Probe  
  46  5:31  Probe  
  47  5:42  Probe  
  47  5:43  Photon Cannon  
  47  5:48  Photon Cannon  
  48  5:52  Probe  
  49  6:03  Probe  
  49  6:06  Void Ray (Chrono Boost)  
  49  6:08  Stalker  
  56  6:13  Probe  
  57  6:23  Blink  
  57  6:24  Probe  
  57  6:31  Assimilator  
  58  6:34  Probe  
  59  6:43  Void Ray (Chrono Boost)  
  63  6:52  Robotics Facility  
  63  7:05  Probe  
  64  7:16  Probe  
  64  7:17  Assimilator  
  64  7:18  Stalker  
  64  7:20  Void Ray (Chrono Boost)  
  71  7:26  Probe  
  72  7:37  Probe  
  73  7:47  Probe  
  73  7:50  Stalker  
  76  7:57  Void Ray (Chrono Boost)  
  76  7:58  Probe  
  81  8:08  Probe  
  81  8:10  Pylon  
  82  8:19  Probe  
  79  8:29  Probe  
  79  8:33  Stalker x3  
  72  8:40  Probe  
  59  8:42  Void Ray (Chrono Boost)  
  53  8:50  Probe  
  45  8:56  Stalker  
  45  8:57  Stalker x2  
  45  9:01  Probe  
  46  9:11  Probe  
  47  9:17  Pylon  
  47  9:21  Pylon  
  47  9:22  Probe  
  48  9:33  Probe, Stalker x3  
  55  9:43  Probe  
  60  9:53  Void Ray (Chrono Boost)  
  42  10:10  Probe  
  39  10:21  Probe  
  39  10:26  Nexus  
  40  10:29  Pylon  
  40  10:30  Pylon  
  40  10:46  Void Ray (Chrono Boost)  
  40  10:57  Stalker  
  40  10:58  Stalker  
  44  11:25  Mothership Core  
  46  11:28  Stalker  
  48  11:40  Probe  
  48  11:46  Probe  
  50  11:47  Pylon  
  50  11:50  Probe  
  51  12:00  Mothership Core  
  51  12:11  Assimilator  
  51  12:13  Assimilator  
  49  12:20  Zealot x3  
Show
View Real Time Build Order
Export as new Build Order

Kirito Protoss - Winner!

Build Orders:  

Get SALT Encoding   

  12  0:01  Probe (Chrono Boost)  
  13  0:12  Probe (Chrono Boost)  
  14  0:19  Pylon  
  14  0:23  Probe (Chrono Boost)  
  15  0:38  Probe (Chrono Boost)  
  15  0:41  Gateway  
  17  0:50  Probe (Chrono Boost)  
  17  1:00  Pylon  
  17  1:04  Probe (Chrono Boost)  
  18  1:15  Probe (Chrono Boost)  
  18  1:18  Assimilator  
  19  1:27  Probe (Chrono Boost)  
  19  1:30  Cybernetics Core  
  20  1:38  Probe (Chrono Boost)  
  21  1:48  Probe (Chrono Boost)  
  21  1:51  Zealot  
  24  2:03  Probe (Chrono Boost)  
  25  2:10  Gateway  
  25  2:15  Probe (Chrono Boost)  
  26  2:20  Nexus  
  26  2:21  Assimilator  
  26  2:25  Probe (Chrono Boost)  
  26  2:29  Warp Gate  
  27  2:50  Probe (Chrono Boost)  
  28  2:51  Stalker  
  29  3:01  Probe (Chrono Boost)  
  30  3:09  Pylon  
  30  3:15  Gateway  
  30  3:18  Gateway  
  30  3:23  Pylon  
  30  3:27  Stalker  
  32  3:51  Probe (Chrono Boost)  
  32  3:52  Probe (Chrono Boost)  
  34  4:02  Stargate  
  34  4:03  Pylon  
  34  4:17  Forge  
  34  4:22  Stargate  
  34  4:33  Probe x2 (Chrono Boost)  
  34  4:36  Pylon  
  36  4:53  Zealot  
  36  4:54  Zealot x3  
  36  4:58  Probe x2 (Chrono Boost)  
  46  5:00  Protoss Ground Weapons Level 1  
  46  5:05  Phoenix  
  48  5:12  Assimilator  
  48  5:15  Assimilator  
  48  5:17  Photon Cannon  
  48  5:21  Photon Cannon  
  48  5:30  Phoenix  
  50  5:38  Probe x2 (Chrono Boost)  
  50  5:41  Protoss Air Weapons Level 1  
  52  5:48  Zealot x3  
  52  5:49  Zealot  
  60  5:53  Probe (Chrono Boost)  
  60  5:54  Probe (Chrono Boost)  
  62  5:57  Phoenix  
  62  6:00  Phoenix  
  67  6:04  Probe (Chrono Boost)  
  67  6:07  Probe (Chrono Boost)  
  68  6:15  Probe (Chrono Boost)  
  69  6:22  Gateway  
  69  6:31  Adept  
  69  6:32  Adept x3  
  77  6:40  Pylon  
  77  6:43  Pylon  
  77  7:03  Stalker x4  
  77  7:08  Probe (Chrono Boost)  
  86  7:13  Protoss Ground Armor Level 1  
  86  7:18  Twilight Council  
  86  7:20  Pylon  
  86  7:23  Probe (Chrono Boost)  
  86  7:24  Probe (Chrono Boost)  
  88  7:36  Mothership Core (Chrono Boost)  
  90  7:42  Adept x3  
  90  7:43  Adept x2  
  100  7:47  Pylon  
  100  8:09  Nexus  
  76  8:50  Phoenix x2  
  76  8:52  Stalker x4  
  76  8:53  Stalker  
  74  9:13  Probe x2 (Chrono Boost)  
  74  9:15  Phoenix x2  
  80  9:22  Fleet Beacon  
  80  9:30  Pylon  
  80  9:36  Stalker  
  82  9:39  Sentry x2  
  82  9:40  Sentry  
  82  10:13  Adept x2  
  82  10:14  Adept x3  
  88  10:21  Phoenix x2, Probe (Chrono Boost)  
  93  10:24  Resonating Glaives  
  93  10:26  Protoss Ground Weapons Level 2  
  97  10:28  Protoss Air Weapons Level 2  
  97  10:31  Graviton Catapult  
  97  10:33  Probe x3 (Chrono Boost)  
  100  10:58  Carrier  
  100  11:04  Carrier  
  112  11:28  Stalker x3  
  112  11:29  Stalker x2  
  112  11:31  Probe x2 (Chrono Boost)  
  116  12:24  Phoenix  
Tags
 
League
GoldGold
Matchup
PvP
Spawn Locations
Cross Positions
Add a new tag
Caveats
  • Supply blocks, unpowered buildings, or Contaminate may cause inaccurate times.
  • Supply counts are checked every 10 seconds.